SL
PHOENIX HOTSPUR @ THUNDER BAY NORTHERN LIONS BC
07/04/2034
 
TOP OF THE 1ST
Phoenix Hotspur batting - Pitching for Thunder Bay Northern Lions BC : RHP Jesús Vidro
Pitching: RHP Jesús Vidro
Batting: RHB Lopahin Davletyarov 0-0: Ball
1-0: Ball
2-0: Ball
3-0: Base on Balls
Batting: RHB Kyle Bywaters 0-0: Ball
Lopahin Davletyarov steals 2nd base
1-0: Swinging Strike
1-1: Foul Ball, location: 2F
1-2: Strikes out swinging
Batting: LHB Tadayoshi Watanabe 0-0: Ball
Wild Pitch!
Lopahin Davletyarov to third
1-0: Called Strike
1-1: Ball
2-1: Ball
3-1: Foul Ball, location: 2F
3-2: Base on Balls
Batting: LHB Harumi Takaki 0-0: Called Strike
0-1: Ball
1-1: Ball
2-1: SINGLE (Flyball, 9S)
Lopahin Davletyarov scores
Tadayoshi Watanabe to second
Runner from 2nd tries for 3rd, SAFE, no throw
Batting: RHB Gabriel Pérez 0-0: Called Strike
0-1: Ball
1-1: Foul Ball, location: 2F
1-2: Ball
2-2: Fly out, F6 (Flyball, 6MD)
Batting: RHB Martín Talia 0-0: Swinging Strike
0-1: Swinging Strike
0-2: Strikes out looking
Top of the 1st over - 1 run, 1 hit, 0 errors, 2 left on base; Phoenix 1 - Thunder Bay 0
BOTTOM OF THE 1ST
Thunder Bay Northern Lions BC batting - Pitching for Phoenix Hotspur : LHP Alejandro Guerra
Pitching: LHP Alejandro Guerra
Batting: RHB Joe Aller 0-0: Ball
1-0: Foul Ball, location: 2F
1-1: Ball
2-1: Swinging Strike
2-2: Ball
3-2: Base on Balls
Batting: RHB António Mendoza 0-0: Called Strike
0-1: Ball
1-1: Foul Ball, location: 2F
1-2: Foul Ball, location: 2F
1-2: Ball
2-2: Grounds into double play, 6-4-3 (Groundball, 6)
Batting: LHB Luis Freitas 0-0: Ball
1-0: Swinging Strike
1-1: Ball
2-1: Foul Ball, location: 2F
2-2: Ground out 1-3 (Groundball, 13)
Bottom of the 1st over - 0 runs, 0 hits, 0 errors, 0 left on base; Phoenix 1 - Thunder Bay 0
TOP OF THE 2ND
Phoenix Hotspur batting - Pitching for Thunder Bay Northern Lions BC : RHP Jesús Vidro
Batting: RHB Julián De Paz 0-0: Ball
1-0: Called Strike
1-1: Ball
2-1: Foul Ball, location: 2F
2-2: Ball
3-2: SINGLE (Groundball, 4MD)
Batting: LHB Mare Riseley 0-0: Called Strike
0-1: Ball
1-1: Ball
2-1: Called Strike
2-2: Ball
3-2: Strikes out looking
Batting: LHB Mark Detamore 0-0: Ball
1-0: Ball
2-0: Called Strike
2-1: Foul Ball, location: 2F
2-2: Strikes out swinging
Batting: RHB Lopahin Davletyarov 0-0: Ball
1-0: Swinging Strike
1-1: Foul Ball, location: 2F
1-2: Ball
2-2: Strikes out swinging
Top of the 2nd over - 0 runs, 1 hit, 0 errors, 1 left on base; Phoenix 1 - Thunder Bay 0
BOTTOM OF THE 2ND
Thunder Bay Northern Lions BC batting - Pitching for Phoenix Hotspur : LHP Alejandro Guerra
Batting: RHB Juan Pedraza 0-0: Foul Ball, location: 2F
0-1: Ball
1-1: Ground out 3-1 (Groundball, 34)
Batting: RHB Augusto Encarnación 0-0: Swinging Strike
0-1: Ball
1-1: Foul Ball, location: 2F
1-2: Ball
2-2: SINGLE (Groundball, 56D)
Batting: RHB Ramón Degollado 0-0: Foul Ball, location: 2F
0-1: Ball
1-1: Swinging Strike
1-2: Ball
2-2: Foul Ball, location: 2F
2-2: Fly out, F7 (Flyball, 78D)
Runner from 1st tags up, SAFE at 2nd
Batting: SHB Robert La Caze 0-0: Called Strike
0-1: Called Strike
0-2: Ball
1-2: Ground out U3 (Groundball, 34)
Bottom of the 2nd over - 0 runs, 1 hit, 0 errors, 1 left on base; Phoenix 1 - Thunder Bay 0
TOP OF THE 3RD
Phoenix Hotspur batting - Pitching for Thunder Bay Northern Lions BC : RHP Jesús Vidro
Batting: RHB Kyle Bywaters 0-0: Fly out, F4 (Line Drive, 4)
Batting: LHB Tadayoshi Watanabe 0-0: Foul Ball, location: 2F
0-1: SINGLE (Line Drive, 8RS)
Batting: LHB Harumi Takaki 0-0: Swinging Strike
0-1: Ball
1-1: Ball
2-1: Called Strike
2-2: Ball
3-2: Base on Balls
Tadayoshi Watanabe to second
Batting: RHB Gabriel Pérez 0-0: Called Strike
0-1: Foul Ball, location: 2F
0-2: SINGLE (Groundball, 5D)
Tadayoshi Watanabe to third
Harumi Takaki to second
Runner from 3rd tries for Home, throw and OUT!
Batting: RHB Martín Talia 0-0: Ground out 5-3 (Groundball, 56S)
Top of the 3rd over - 0 runs, 2 hits, 0 errors, 2 left on base; Phoenix 1 - Thunder Bay 0
BOTTOM OF THE 3RD
Thunder Bay Northern Lions BC batting - Pitching for Phoenix Hotspur : LHP Alejandro Guerra
Batting: RHB Rafael Pueblo 0-0: Called Strike
0-1: Fly out, F9 (Flyball, 9LMF)
Batting: RHB Carlos Padilla 0-0: Ball
1-0: Swinging Strike
1-1: Foul Ball, location: 2F
1-2: Ball
2-2: Strikes out swinging
Batting: RHB Joe Aller 0-0: Ball
1-0: Ball
2-0: Foul Ball, location: 2F
2-1: Foul Ball, location: 2F
2-2: Strikes out swinging
Bottom of the 3rd over - 0 runs, 0 hits, 0 errors, 0 left on base; Phoenix 1 - Thunder Bay 0
TOP OF THE 4TH
Phoenix Hotspur batting - Pitching for Thunder Bay Northern Lions BC : RHP Jesús Vidro
Batting: RHB Julián De Paz 0-0: Ball
1-0: SINGLE (Flyball, 89M)
Batting: LHB Mare Riseley 0-0: Foul Ball, location: 2F
0-1: Swinging Strike
0-2: Foul Ball, location: 2F
0-2: Ball
1-2: Fielders Choice at 2nd, 4-6 (Groundball, 4)
Batting: LHB Mark Detamore 0-0: Ball
1-0: Foul Ball, location: 2F
1-1: Ball
2-1: Called Strike
Mare Riseley is caught stealing 2nd base
2-2: SINGLE (Line Drive, 56D)
Batting: RHB Lopahin Davletyarov 0-0: Ball
1-0: Called Strike
1-1: Called Strike
1-2: Ball
2-2: Strikes out swinging
Top of the 4th over - 0 runs, 2 hits, 0 errors, 1 left on base; Phoenix 1 - Thunder Bay 0
BOTTOM OF THE 4TH
Thunder Bay Northern Lions BC batting - Pitching for Phoenix Hotspur : LHP Alejandro Guerra
Batting: RHB António Mendoza 0-0: Ball
1-0: Ball
2-0: Foul Ball, location: 2F
2-1: Foul Ball, location: 2F
2-2: Ball
3-2: Ground out 4-3 (Groundball, 4)
Batting: LHB Luis Freitas 0-0: Ball
1-0: Called Strike
1-1: Ground out U3 (Groundball, 3)
Batting: RHB Juan Pedraza 0-0: SINGLE (Line Drive, 8RS)
Batting: RHB Augusto Encarnación 0-0: Called Strike
0-1: Fielders Choice at 2nd, 6-4 (Groundball, 6)
Bottom of the 4th over - 0 runs, 1 hit, 0 errors, 1 left on base; Phoenix 1 - Thunder Bay 0
TOP OF THE 5TH
Phoenix Hotspur batting - Pitching for Thunder Bay Northern Lions BC : RHP Jesús Vidro
Batting: RHB Kyle Bywaters 0-0: SINGLE (Line Drive, 56D)
Batting: LHB Tadayoshi Watanabe 0-0: Called Strike
0-1: Foul Ball, location: 2F
0-2: Strikes out swinging
Batting: LHB Harumi Takaki 0-0: Ball
Kyle Bywaters is caught stealing 2nd base
1-0: Fly out, F8 (Flyball, 78D)
Top of the 5th over - 0 runs, 1 hit, 0 errors, 0 left on base; Phoenix 1 - Thunder Bay 0
BOTTOM OF THE 5TH
Thunder Bay Northern Lions BC batting - Pitching for Phoenix Hotspur : LHP Alejandro Guerra
Batting: RHB Ramón Degollado 0-0: SINGLE (Line Drive, 6M)
Batting: SHB Robert La Caze 0-0: Ball
1-0: Called Strike
1-1: Bunted foul
1-2: Grounds into double play, 4-6-3 (Groundball, 4)
Batting: RHB Rafael Pueblo 0-0: Ball
1-0: Called Strike
1-1: Ball
2-1: Ground out 5-3 (Groundball, 56)
Bottom of the 5th over - 0 runs, 1 hit, 0 errors, 0 left on base; Phoenix 1 - Thunder Bay 0
TOP OF THE 6TH
Phoenix Hotspur batting - Pitching for Thunder Bay Northern Lions BC : RHP Jesús Vidro
Batting: RHB Gabriel Pérez 0-0: Called Strike
0-1: Called Strike
0-2: Ball
1-2: Ball
2-2: Foul Ball, location: 2F
2-2: Strikes out looking
Batting: RHB Martín Talia 0-0: Fly out, F9 (Flyball, 9)
Batting: RHB Julián De Paz 0-0: Ball
1-0: Ball
2-0: Called Strike
2-1: Ball
3-1: Called Strike
3-2: Foul Ball, location: 2F
3-2: Base on Balls
Batting: LHB Mare Riseley 0-0: Called Strike
0-1: Ball
1-1: Foul Ball, location: 2F
1-2: Ground out 6-3 (Groundball, 6M)
Top of the 6th over - 0 runs, 0 hits, 0 errors, 1 left on base; Phoenix 1 - Thunder Bay 0
BOTTOM OF THE 6TH
Thunder Bay Northern Lions BC batting - Pitching for Phoenix Hotspur : LHP Alejandro Guerra
Batting: RHB Carlos Padilla 0-0: Fly out, F7 (Flyball, 78S)
Batting: RHB Joe Aller 0-0: Ground out 2-3 (Groundball, 2R)
Batting: RHB António Mendoza 0-0: Foul Ball, location: 2F
0-1: Ball
1-1: Foul Ball, location: 2F
1-2: Ball
2-2: Ball
3-2: Ground out 4-3 (Groundball, 4S)
Bottom of the 6th over - 0 runs, 0 hits, 0 errors, 0 left on base; Phoenix 1 - Thunder Bay 0
TOP OF THE 7TH
Phoenix Hotspur batting - Pitching for Thunder Bay Northern Lions BC : RHP Jesús Vidro
Batting: LHB Mark Detamore 0-0: Ball
1-0: Ball
2-0: Ground out 5-3 (Groundball, 5)
Batting: RHB Lopahin Davletyarov 0-0: Ball
1-0: Ball
2-0: Ball
3-0: Called Strike
3-1: Called Strike
3-2: SINGLE (Groundball, 34D)
Pitching: LHP Cherles Gachineiro
Batting: RHB Kyle Bywaters 0-0: Ball
1-0: Ball
2-0: Called Strike
2-1: Ball
3-1: Base on Balls
Lopahin Davletyarov to second
Batting: LHB Tadayoshi Watanabe 0-0: Ball
1-0: Foul Ball, location: 2F
1-1: Foul Ball, location: 2F
1-2: Ball
2-2: Ball
3-2: Strikes out swinging
Batting: LHB Harumi Takaki 0-0: Foul Ball, location: 2F
0-1: Ball
1-1: Ball
2-1: Called Strike
2-2: SINGLE (Flyball, 8LS)
Lopahin Davletyarov to third
Kyle Bywaters to second
Runner from 3rd tries for Home, SAFE, no throw
Batting: RHB Gabriel Pérez 0-0: Called Strike
0-1: Foul Ball, location: 2F
0-2: Foul Ball, location: 2F
0-2: Ball
1-2: Ball
2-2: Foul Ball, location: 2F
2-2: Strikes out swinging
Top of the 7th over - 1 run, 2 hits, 0 errors, 2 left on base; Phoenix 2 - Thunder Bay 0
BOTTOM OF THE 7TH
Thunder Bay Northern Lions BC batting - Pitching for Phoenix Hotspur : LHP Alejandro Guerra
Batting: LHB Luis Freitas 0-0: DOUBLE (Line Drive, 9LM)
Batting: RHB Juan Pedraza 0-0: Ball
1-0: Swinging Strike
1-1: Ball
2-1: SINGLE (Line Drive, 4M)
Luis Freitas to third
Runner from 3rd tries for Home, SAFE, no throw
Batting: RHB Augusto Encarnación 0-0: Ball
Juan Pedraza steals 2nd base
1-0: Swinging Strike
1-1: Swinging Strike
1-2: Foul Ball, location: 2F
1-2: Ball
2-2: Ball
3-2: Ground out 5-3 (Groundball, 56)
Pitching: RHP Kenny Kawaguchi
Batting: RHB Ramón Degollado 0-0: Called Strike
Juan Pedraza is caught stealing 3rd base
0-1: SINGLE (Flyball, 78M)
Pinch Hitting: RHB Edgar Balerio 0-0: Ball
1-0: Foul Ball, location: 2F
1-1: Ball
2-1: Foul Ball, location: 2F
2-2: Ball
3-2: Fly out, F9 (Flyball, 89S)
Bottom of the 7th over - 1 run, 3 hits, 0 errors, 1 left on base; Phoenix 2 - Thunder Bay 1
TOP OF THE 8TH
Phoenix Hotspur batting - Pitching for Thunder Bay Northern Lions BC : LHP Cherles Gachineiro
Now at 2B: Edgar Balerio
Batting: RHB Martín Talia 0-0: Swinging Strike
0-1: Called Strike
0-2: Ball
1-2: Foul Ball, location: 2F
1-2: Ball
2-2: Foul Ball, location: 2F
2-2: Fly out, F7 (Flyball, 78S)
Batting: RHB Julián De Paz 0-0: Called Strike
0-1: Ball
1-1: Ball
2-1: Swinging Strike
2-2: Fly out, F3 (Popup, 3F)
Batting: LHB Mare Riseley 0-0: Called Strike
0-1: Foul Ball, location: 2F
0-2: Ball
1-2: Ball
2-2: SINGLE (Groundball, 3D)
Batting: LHB Mark Detamore 0-0: Ball
1-0: Foul Ball, location: 2F
1-1: Ground out 5-3 (Groundball, 56S)
Top of the 8th over - 0 runs, 1 hit, 0 errors, 1 left on base; Phoenix 2 - Thunder Bay 1
BOTTOM OF THE 8TH
Thunder Bay Northern Lions BC batting - Pitching for Phoenix Hotspur : RHP Kenny Kawaguchi
Batting: RHB Rafael Pueblo 0-0: Called Strike
0-1: Ball
1-1: Called Strike
1-2: Foul Ball, location: 2F
1-2: Ball
2-2: Ball
3-2: SINGLE (Line Drive, 6M)
Batting: RHB Carlos Padilla 0-0: Bunted foul
0-1: Ball
1-1: Sac Bunt - play at first, batter OUT! 1-4
Rafael Pueblo to second
Batting: RHB Joe Aller 0-0: Ball
1-0: Ball
2-0: SINGLE (Groundball, 4MD)
Rafael Pueblo to third
Runner from 3rd tries for Home, SAFE, throw made home
Batting: RHB António Mendoza 0-0: Foul Ball, location: 2F
0-1: Ball
1-1: Ball
2-1: Foul Ball, location: 2F
2-2: Foul Ball, location: 2F
2-2: Grounds out, U3 (Groundball, 3L)
Batting: LHB Luis Freitas 0-0: Ball
1-0: Called Strike
1-1: Foul Ball, location: 2F
1-2: Foul Ball, location: 2F
1-2: Foul Ball, location: 2F
1-2: Ball
2-2: Ball
3-2: Foul Ball, location: 2F
3-2: SINGLE (Line Drive, 34D)
Joe Aller to third
Joe Aller scores
Batting: RHB Juan Pedraza 0-0: Ball
1-0: Called Strike
1-1: Ball
2-1: Foul Ball, location: 2F
2-2: Ball
3-2: Foul Ball, location: 2F
3-2: Foul Ball, location: 2F
3-2: Foul Ball, location: 2F
3-2: Base on Balls
Luis Freitas to second
Batting: RHB Augusto Encarnación 0-0: Ball
1-0: SINGLE (Flyball, 78S)
Luis Freitas to third
Juan Pedraza to second
Runner from 3rd tries for Home, SAFE, throw made home
Pitching: RHP Alexander Weareorwear
Batting: RHB Ramón Degollado 0-0: Foul Ball, location: 2F
0-1: Foul Ball, location: 2F
0-2: Strikes out looking
Bottom of the 8th over - 3 runs, 4 hits, 0 errors, 2 left on base; Phoenix 2 - Thunder Bay 4
TOP OF THE 9TH
Phoenix Hotspur batting - Pitching for Thunder Bay Northern Lions BC : LHP Cherles Gachineiro
Batting: RHB Lopahin Davletyarov 0-0: SINGLE (Line Drive, 89S)
Batting: RHB Kyle Bywaters 0-0: Called Strike
0-1: Ball
1-1: SINGLE (Groundball, 56D)
Lopahin Davletyarov to second
Batting: LHB Tadayoshi Watanabe 0-0: Ball
1-0: Ball
2-0: Fly out, F9 (Flyball, 9D)
Runner from 2nd tags up, SAFE at 3rd, no throw
Batting: LHB Harumi Takaki 0-0: Called Strike
0-1: Swinging Strike
0-2: Foul Ball, location: 2F
0-2: Fly out, F7 (Flyball, 7D)
Pitching: RHP Dino Moonglampers
Batting: RHB Gabriel Pérez 0-0: Ball
1-0: Ball
2-0: Swinging Strike
2-1: Ball
3-1: Foul Ball, location: 2F
3-2: Foul Ball, location: 2F
3-2: Strikes out swinging
Top of the 9th over - 0 runs, 2 hits, 0 errors, 2 left on base; Phoenix 2 - Thunder Bay 4
Friday, March 29th, 2019 - OOTP Baseball 18.8 Build 76